 Dungeon Crawl Stone Soup version 0.24-a0-280-g7cec4da (webtiles) character file.

Game seed: 9039579413253031804

207 Gunnerkreig the Sneak (level 5, 0/35 HPs)
             Began as an Octopode Wizard on May 14, 2019.
             Killed by divine providence
             ... invoked by an orc priest
              (14 damage)
             ... on level 3 of the Dungeon.
             The game lasted 00:05:51 (3364 turns).

Gunnerkreig the Sneak (Octopode Wizard)             Turns: 3364, Time: 00:05:52

Health: 0/35       AC:  1    Str:  6    XL:     5   Next: 85%
Magic:  2/10       EV: 13    Int: 22    God:
Gold:   138        SH:  4    Dex: 10    Spells: 4/11 levels left

rFire    . . .     SeeInvis .   s - +0 flail
rCold    . . .     Gourm    .   (no shield)
rNeg     . . .     Faith    .   a - +0 hat
rPois    .         Spirit   .   r - +4 amulet of reflection
rElec    .         Reflect  +   (no ring)
rCorr    .         Harm     .   (no ring)
MR       .....                  (no ring)
Stlth    ++++......             (no ring)
HPRegen  0.11/turn              (no ring)
MPRegen  0.12/turn              (no ring)
                                (no ring)
                                (no ring)

@: very slightly contaminated
A: almost no armour, stealthy swim, amphibious, 8 rings, constrict 8, camouflage
1, gelatinous body 1
a: no special abilities


You were on level 3 of the Dungeon.
You were not hungry.

You visited 1 branch of the dungeon, and saw 3 of its levels.

You collected 138 gold pieces.

Inventory:

Hand Weapons
 j - a +0 dagger
 m - a +0 whip
 s - a +0 flail (weapon)
Missiles
 d - 56 stones (quivered)
 o - 24 sling bullets
Armour
 a - a +0 hat (worn)
Jewellery
 p - an uncursed ring of fire
 r - a +4 amulet of reflection (around mantle)
Scrolls
 b - a scroll of fog {unknown}
 e - 4 scrolls of identify
 f - 3 scrolls of noise {unknown}
 g - a scroll of enchant armour {unknown}
 h - a scroll of magic mapping {unknown}
 i - a scroll of random uselessness {unknown}
 l - a scroll of teleportation
 q - a scroll of immolation {unknown}
Comestibles
 c - 9 rations


   Skills:
 + Level 2.4 Fighting
 - Level 2.0 Dodging
 + Level 4.7 Stealth
 + Level 3.8 Spellcasting
 + Level 2.8 Conjurations
   Level 1.0 Summonings
   Level 1.0 Translocations


You had 4 spell levels left.
You knew the following spells:

 Your Spells              Type           Power        Failure   Level  Hunger
a - Magic Dart            Conj           ###.         3%          1    None
b - Conjure Flame         Conj/Fire      ##......     19%         3    ###....
c - Mephitic Cloud        Conj/Pois/Air  #.......     22%         3    ###....

Your spell library contained the following spells:

 Spells                   Type           Power        Failure   Level  Hunger
 Blink                    Tloc           N/A          12%         2    #......
 Call Imp                 Summ           #.......     12%         2    #......
 Slow                     Hex            #.......     17%         2    #......


Dungeon Overview and Level Annotations

Branches:
Dungeon (3/15)

Altars:


Innate Abilities, Weirdness & Mutations

You cannot wear most types of armour.
You are very stealthy in the water. (Stealth+)
You are amphibious.
You can wear up to eight rings at the same time.
You can use your tentacles to constrict eight enemies at once.
Your skin changes colour to match your surroundings (Stealth+).
Your rubbery body absorbs attacks. (AC +1, EV +1)


Message History

You feel strangely unstable.
You constrict the orc.
The orc priest calls upon Beogh to heal the orc priest.
The orc priest is healed somewhat.
The orc escapes!
The rat closely misses you.
You hit the orc. You grab the orc.
The orc is almost dead.
You constrict the orc, but do no damage.
The orc priest casts a cantrip, but nothing happens.
The rat barely misses you. The orc closely misses you.
The orc priest calls upon Beogh to heal the orc.
The orc is healed somewhat.
You hit the orc.
The orc is severely wounded.
Your surroundings seem slightly different.
You lose your grip on the orc.
The orc hits the orc priest with a +0 club.
You block the orc priest's attack.
There is an open door here.
The orc priest calls down the wrath of Beogh upon you.
Beogh smites you!
You die...

##.........##...........#.....♣♣♣
#.........#########..........♣♣.
#.........###### #..........♣.♣
#..............# #..........♣♣♣
#..............####.........♣♣..
+..>...........+..'.>........♣♣.
#..............####...........♣♣
####...#############...........♣♣
..........))....@.or.........♣♣..
####################.....o.....♣.
#...........)....
#.........###.... #.........#
##### #.........# #..÷......#
#......)..# #.........#


You could see an orc priest and a rat.

Vanquished Creatures
  A sky beast (D:3)
  3 gnolls (D:3)
  2 adders (D:2)
  3 worms
  3 dart slugs
  8 orcs (D:3)
  4 giant cockroaches
  5 goblins
  4 hobgoblins
  7 kobolds
  A quokka (D:2)
  A ball python (D:3)
  4 bats
  3 frilled lizards
  3 rats
52 creatures vanquished.

Notes
Turn   | Place    | Note
-------+----------+-------------------------------------------
     0 | D:1      | Gunnerkreig the Octopode Wizard began the quest for the
                  | Orb.
     0 | D:1      | Reached XP level 1. HP: 11/11 MP: 4/4
   476 | D:1      | Reached skill level 3 in Stealth
   476 | D:1      | Reached XP level 2. HP: 17/18 MP: 0/6
  1306 | D:2      | Reached skill level 1 in Fighting
  1470 | D:2      | Reached XP level 3. HP: 23/23 MP: 0/7
  2261 | D:2      | Learned a level 3 spell: Conjure Flame
  2265 | D:2      | Learned a level 3 spell: Mephitic Cloud
  2364 | D:3      | Reached XP level 4. HP: 28/28 MP: 2/9
  2365 | D:3      | Noticed a sky beast
  2472 | D:3      | Reached skill level 4 in Stealth
  2881 | D:3      | Killed a sky beast
  2881 | D:3      | Reached XP level 5. HP: 26/35 MP: 2/10
  3310 | D:3      | Found a faded altar of an unknown god.
  3364 | D:3      | Killed from afar by an orc priest

Levels and vault maps discovered:
D:1:      dpeg_arrival_simpleton_c, layout_basic
D:2:      layout_loops_ring
D:3:      layout_basic, chequers_ecumenical_altar_grove, first_ration

Skill      XL: |  1  2  3  4 |
---------------+-------------+-----
Stealth        | 3 4 |  4.7
Fighting       | 1 2 |  2.4
Conjurations   | 2 |  2.8
Dodging        | |  2.0
Spellcasting   | |  3.8
Summonings     | |  1.0
Translocations | |  1.0

Action                   |  1- 3 |  4- 6 || total
-------------------------+-------+-------++-------
Melee: Unarmed           |    11 |       ||    11
       Constrict         |     7 |    10 ||    17
       Tentacles         |     7 |     2 ||     9
       Dagger            |    27 |    16 ||    43
       Flail             |       |     8 ||     8
 Cast: Magic Dart        |    67 |    44 ||   111
       Mephitic Cloud    |       |     4 ||     4
       Conjure Flame     |       |     1 ||     1
  Use: Scroll            |       |     3 ||     3
       Potion            |       |     3 ||     3
 Stab: Sleeping          |     3 |     1 ||     4
       Confused          |       |     1 ||     1
  Eat: Chunk             |     4 |     4 ||     8
Armor: Skin              |       |     1 ||     1
Dodge: Dodged            |    25 |    34 ||    59
Block: Other             |       |     6 ||     6

Table legend:
 A = Non-vault XP
 B = Vault XP
 C = Vault XP percentage of total XP
 D = Non-vault monster count
 E = Vault monster count
 F = Vault count percentage of total count
                 A         B        C        D         E       F
            +---------+---------+-------+---------+---------+-------
      Total |     296 |       0 |   0.0 |      52 |       0 |   0.0
            +---------+---------+-------+---------+---------+-------
        D:1 |      23 |       0 |   0.0 |      13 |       0 |   0.0
        D:2 |      54 |       0 |   0.0 |      15 |       0 |   0.0
        D:3 |     219 |       0 |   0.0 |      24 |       0 |   0.0
            +---------+---------+-------+---------+---------+-------
